 Dungeon Crawl Stone Soup version 0.28.0 (webtiles) character file.

Game seed: 17360410084083058810

3857 horus123 the Destroyer (level 9, -2/45 HPs)
             Began as a Deep Elf Conjurer on Feb 11, 2022.
             Was a Follower of Vehumet.
             Succumbed to Erica's bolt of poison
             ... on level 8 of the Dungeon.
             The game lasted 00:23:14 (9524 turns).

horus123 the Destroyer (Deep Elf Conjurer)          Turns: 9524, Time: 00:23:15

Health: -2/45      AC: 10    Str:  4    XL:     9   Next: 99%
Magic:  23/25      EV: 12    Int: 28    God:    Vehumet [*.....]
Gold:   118        SH:  0    Dex: 13    Spells: 14/28 levels left

rFire   + + .      SeeInvis .   j - +3 Elemental Staff {rElec rF++ rC++ AC+5}
rCold   + + .      Faith    .   (no shield)
rNeg    . . .      Spirit   .   a - +0 robe
rPois   .          Reflect  .   i - +0 helmet
rElec   +          Harm     .   (no cloak)
rCorr   +          Rampage  .   r - +0 pair of gloves
Will    .....                   o - +0 pair of boots
Stlth   ++........              (no amulet)
HPRegen 0.15/turn               e - ring of resist corrosion
MPRegen 0.19/turn               s - ring of flight

@: lethally poisoned (-2 -> -19), flying, slowed, very slow
A: no striking features
a: Renounce Religion


You were on level 8 of the Dungeon.
You worshipped Vehumet.
Vehumet was aware of your devotion.
You visited 2 branches of the dungeon, and saw 9 of its levels.

You collected 345 gold pieces.
You spent 227 gold pieces at shops.

Inventory:

Hand Weapons
 g - a +2 rapier of flaming
 j - the +3 Elemental Staff (weapon) {rElec rF++ rC++ AC+5}
   (You acquired it on level 4 of the Dungeon)

   If the wielder is skilled in Evocations, they can discharge powerful blasts
   of elemental energy when striking with it.
   It enhances your fire, ice, earth and air magic.
   AC:        It affects your AC (+5).
   rF:        It greatly protects you from fire.
   rC:        It greatly protects you from cold.
   rElec:     It insulates you from electricity.
Missiles
 f - 5 datura-tipped darts
Armour
 a - a +0 robe (worn)
 i - a +0 helmet (worn)
 o - a +0 pair of boots (worn)
 r - a +0 pair of gloves (worn)
Jewellery
 e - a ring of resist corrosion (left hand)
 s - a ring of flight (right hand)
Wands
 k - a wand of paralysis (24)
 q - a wand of polymorph (10)
Scrolls
 h - a scroll of vulnerability
 n - 2 scrolls of magic mapping
 p - 2 scrolls of identify
Potions
 b - 3 potions of flight
 c - 2 potions of ambrosia
 d - a potion of haste
 l - 3 potions of curing
 m - 3 potions of heal wounds
 t - a potion of invisibility {unknown}


   Skills:
 - Level 2.4 Dodging
 - Level 2.4 Stealth
 + Level 10.1 Spellcasting
 - Level 10.1 Conjurations
 - Level 8.4 Hexes
 - Level 5.0 Translocations
 - Level 2.7 Earth Magic
 - Level 3.3 Evocations


You had 14 spell levels left.
You knew the following spells:

 Your Spells              Type           Power      Damage    Failure   Level
a - Magic Dart            Conj           100%       1d8       1%          1
b - Searing Ray           Conj           100%       2d8       1%          2
c - Fulminant Prism       Conj/Hex       30%        3d16      1%          4
d - Iskenderun's Mystic   Conj/Tloc      54%        2d12      1%          4
e - Stone Arrow           Conj/Erth      100%       3d13      1%          3

Your spell library contained the following spells:

 Spells                   Type           Power      Damage    Failure   Level
 Freeze                   Ice            84%        1d10      4%          1
 Apportation              Tloc           84%        N/A       1%          1
 Sandblast                Erth           88%        2d18      1%          1
 Dazzling Flash           Conj/Hex       100%       N/A       1%          3
 Portal Projectile        Hex/Tloc       100%       N/A       1%          3
 Summon Guardian Golem    Hex/Summ       37%        N/A       2%          3
 Passwall                 Tmut/Erth      26%        N/A       3%          2
 Mephitic Cloud           Conj/Pois/Air  49%        N/A       3%          3
 Summon Small Mammal      Summ           56%        N/A       4%          1
 Leda's Liquefaction      Hex/Erth       31%        N/A       4%          4
 Call Imp                 Summ           14%        N/A       6%          2
 Call Canine Familiar     Summ           14%        N/A       12%         3
 Alistair's Intoxication  Tmut/Pois      9%         N/A       73%         5


Dungeon Overview and Level Annotations

Branches:
Dungeon (8/15)             Temple (1/1) D:7
   Lair: D:8-11

Altars:
Dithmenos
Elyvilon
Makhleb
Okawaru
Qazlal
Uskayaw
Vehumet
Wu Jian
Xom
Zin
The Shining One

Shops:
D:4 (   D:7 *

Annotations:
D:3 Robin
D:8 Erica


Message History

The searing ray hits the acid dragon.
You kill the acid dragon!
Vehumet accepts your kill.
Your Spellcasting skill increases to level 10!
Unknown command.
You now have 118 gold pieces (gained 12).
Erica the Fiery-Tempered comes into view.
She is wielding a +1 scimitar of flaming and wearing a +2 robe of cold resistance.
You see here a wand of paralysis (13).
k - a wand of paralysis (24) (gained 13 charges) Erica mumbles some strange words.
Erica flickers and vanishes!
Deactivating autopickup; reactivate with Ctrl-A.
You start resting.
You are no longer corroded.
Magic restored.
Something barely misses you. Something hits you.
Casting: Searing Ray (safe; 1% risk of failure)
Confirm with . or Enter, or press ? or * to list all spells.
You can't see any susceptible monsters within range! (Use Z to cast anyway.)
Casting: Searing Ray (safe; 1% risk of failure)
Confirm with . or Enter, or press ? or * to list all spells.
Aiming: Searing Ray (safe; 1% risk of failure)
Press: ? - help, Shift-Dir - straight line The searing ray hits something! (Press . to maintain the ray.)
Something hits you! Something burns you.
The searing ray hits something!
Something hits you.
Unknown command.
The searing ray hits something.
You hear some strange, mumbled words.
Something tries to affect you, but you resist.
You hear some strange, mumbled words.
You feel yourself slow down.
You hear some strange, mumbled words.
A bolt of poison appears from out of thin air!
The bolt of poison hits you!!
You are poisoned.
Ouch! That really hurt!
* * * LOW HITPOINT WARNING * * *
You die...

#..####...##
######..# #...#
## .........#
#.### #..
..######.####.##
#.# #.......#
#.# ######..#
#.## #{.#
###..##
###..###.P...#
#..@.##......#
#.##.#.##...8##
#. #..###P....#
# #.## ####..#
#.# #(.# #.##
##..# #..#
##.#.#
##..###.##.#
#.#...###.#


There were no monsters in sight!

Vanquished Creatures
  A wraith (D:8)
  A wyvern (D:7)
  2 acid dragons
  Edmund (D:4)
  A water moccasin (D:7)
  Duvessa (D:7)
  A sky beast (D:6)
  A black bear (D:5)
  A hornet zombie (D:5)
  2 ice beasts
  A necrophage (D:7)
  6 ogres
  A centaur (D:8)
  2 scorpions
  A bullfrog (D:7)
  2 wyvern zombies
  2 gnoll sergeants
  Dowan (D:7)
  10 wights
  A howler monkey (D:6)
  4 electric eels (D:6)
  A centaur zombie (D:7)
  A bullfrog zombie (D:5)
  3 jellies
  A hound (D:5)
  An orc priest (D:3)
  Natasha (twice) (D:4)
  4 iguanas
  3 orc wizards
  2 killer bee zombies
  13 gnolls
  A howler monkey skeleton (D:7)
  8 adders
  2 river rats (D:5)
  2 shadow imps
  2 ufetubi
  3 worms
  3 dart slugs
  18 orcs
  5 bats
  3 endoplasms
  3 giant cockroaches
  4 goblins
  3 hobgoblins
  2 jackals (D:1)
  6 kobolds
  5 quokkas
  3 ball pythons
  3 frilled lizards
  10 rats
160 creatures vanquished.

Vanquished Creatures (others)
  44 plants
  5 withered plants (D:8)
49 creatures vanquished.

Grand Total: 209 creatures vanquished

Notes
Turn   | Place    | Note
-------+----------+-------------------------------------------
     0 | D:1      | horus123 the Deep Elf Conjurer began the quest for the Orb.
     0 | D:1      | Reached XP level 1. HP: 10/10 MP: 6/6
   220 | D:1      | Reached XP level 2. HP: 15/15 MP: 7/9
   276 | D:1      | Learned a level 2 spell: Searing Ray
   503 | D:1      | Found a faded altar of an unknown god.
   923 | D:2      | Reached XP level 3. HP: 19/19 MP: 8/11
  1021 | D:2      | Reached skill level 5 in Spellcasting
  1422 | D:2      | Found an ornate altar of the Wu Jian Council.
  1490 | D:2      | Reached skill level 5 in Conjurations
  1548 | D:2      | Reached XP level 4. HP: 24/24 MP: 9/13
  1553 | D:2      | Learned a level 4 spell: Fulminant Prism
  1558 | D:2      | Learned a level 4 spell: Iskenderun's Mystic Blast
  1807 | D:3      | Noticed a scorpion
  1815 | D:3      | Killed a scorpion
  1866 | D:3      | Found a faded altar of an unknown god.
  1875 | D:3      | Reached XP level 5. HP: 28/28 MP: 8/14
  1930 | D:3      | Noticed Robin
  1932 | D:3      | Found a glowing golden altar of the Shining One.
  2331 | D:3      | Learned a level 3 spell: Stone Arrow
  3127 | D:4      | Noticed Edmund
  3158 | D:4      | Killed Edmund
  3159 | D:4      | Reached XP level 6. HP: 14/32 MP: 0/15
  3520 | D:4      | Reached skill level 1 in Hexes
  3601 | D:4      | Found Adey's Weapon Emporium.
  3609 | D:4      | Identified a scroll of acquirement
  3610 | D:4      | Acquired the +3 Elemental Staff {rElec rF++ rC++ AC+5}
  3610 | D:4      | Found the +3 Elemental Staff {rElec rF++ rC++ AC+5}
  3906 | D:4      | Noticed Natasha
  3910 | D:4      | Killed Natasha
  4139 | D:4      | Noticed Natasha
  4144 | D:4      | Killed Natasha
  4152 | D:5      | Entered Level 5 of the Dungeon
  4233 | D:5      | Reached XP level 7. HP: 19/36 MP: 0/16
  4535 | D:5      | Reached skill level 5 in Hexes
  5148 | D:5      | Reached XP level 8. HP: 41/41 MP: 11/17
  5904 | D:6      | Reached skill level 1 in Evocations
  7017 | D:6      | Reached XP level 9. HP: 45/45 MP: 18/23
  7617 | D:7      | Identified the +1 ring mail of Insatiable Hunger {*Corrode
                  | rN+ Dex+3}
  7689 | D:7      | Reached skill level 5 in Translocations
  7838 | D:7      | Found a staircase to the Ecumenical Temple.
  7854 | Temple   | Entered the Ecumenical Temple
  7984 | Temple   | Became a worshipper of Vehumet
  8079 | D:7      | Noticed Duvessa
  8085 | D:7      | Killed Duvessa
  8086 | D:7      | Noticed Dowan
  8091 | D:7      | Killed Dowan
  8470 | D:7      | Found Zaothat's Island Escapes.
  8955 | D:7      | Bought a ring of flight for 227 gold pieces
  8960 | D:8      | Reached skill level 10 in Conjurations
  9197 | D:8      | Reached * piety under Vehumet
  9197 | D:8      | Offered knowledge of Freeze by Vehumet.
  9488 | D:8      | Reached skill level 10 in Spellcasting
  9490 | D:8      | Noticed Erica
  9524 | D:8      | Succumbed to Erica's bolt of poison

Illustrated notes

Levels and vault maps discovered:
D:1:      denvon_arrival_waterhouse, layout_rooms,
          dreamdust_ecumenical_altar_statues
D:2:      layout_loops_ring, basic_altar
D:3:      layout_basic, nicolae_overflow_ecumenical_swirl, moated_statue,
          amcnicky_mini_corridor_feature, minmay_cupped, uniq_robin
D:4:      layout_rooms, nicolae_overflow_hidden_temple, serial_shops,
          nicolae_shop_temple_entry_statues_fountains, uniq_natasha, uniq_edmund
D:5:      layout_basic, serial_bayou, serial_bayou_lagoon_a,
          serial_bayou_pond_c, serial_bayou_ford_a, serial_bayou_shore_a,
          serial_bayou_pond_a, gup_sewer_entry_spiral, grunt_decor_arrowhead
D:6:      layout_loops_ring, serial_bayou, serial_bayou_shore_b,
          serial_bayou_pond_c, serial_bayou_lagoon_b, serial_bayou_pond_e,
          serial_bayou_crossing, serial_bayou_pond_e, minmay_three_doors
D:7:      layout_loops_ring, minmay_temple_entry_statues, minmay_holes,
          nicolae_island_escapes, uniq_duvessa
D:8:      layout_loops_ring, david_lair_shrubbed, serial_undead,
          serial_undead_b, serial_undead_a, serial_undead_e, serial_undead_e,
          uniq_erica
Temple:   mainiacjoe_temple_cubbyholes

Skill      XL: |  1  2  3  4  5  6  7  8  9 |
---------------+----------------------------+-----
Spellcasting   | 4 5 8 10 | 10.1
Conjurations   | 5 6 7 8 10 | 10.1
Hexes          | 4 8 |  8.4
Earth Magic    | 2 |  2.7
Evocations     | 3 |  3.3
Translocations | 2 5 |  5.0
Dodging        | |  2.4
Stealth        | |  2.4

Action                   |  1- 3 |  4- 6 |  7- 9 || total
-------------------------+-------+-------+-------++-------
Melee: Rapier            |       |     2 |       ||     2
       Staff             |       |       |     2 ||     2
 Cast: Magic Dart        |    79 |    81 |   179 ||   339
       Searing Ray       |     1 |     8 |    33 ||    42
       Stone Arrow       |       |     7 |     9 ||    16
       Iskenderun's Myst |       |       |     6 ||     6
  Use: Scroll            |     4 |     6 |     6 ||    16
       Potion            |       |       |     1 ||     1
Armor: Robe              |       |     4 |    16 ||    20
Dodge: Dodged            |     1 |    18 |    51 ||    70
